 Dungeon Crawl Stone Soup version 0.31-a0-960-g0fca184906 (webtiles) character file.

Game seed: 8084830542789372507

26399 D12ThenQuit the Nimble (level 13, -3/92 HPs)
             Began as an Octopode Gladiator on Oct 23, 2023.
             Was an Elder of Vehumet.
             Slain by a polar bear (21 damage)
             ... on level 3 of the Lair of Beasts.
             The game lasted 01:04:09 (18739 turns).

D12ThenQuit the Nimble (Octopode Gladiator)        Turns: 18739, Time: 01:04:10

Health: -3/92      AC:  3    Str: 18    XL:     13   Next: 25%
Magic:  9/20       EV: 18    Int: 13    God:    Vehumet [****..]
Gold:   808        SH:  0    Dex: 13    Spells: 4/25 levels left

rFire   . . .        a - +7 dagger (elec)
rCold   + . .        (no shield)
rNeg    + . .        z - +2 hat
rPois   +            m - amulet of magic regeneration
rElec   .            q - ring of willpower
rCorr   .            y - ring of positive energy
SInv    .            Q - ring of protection from cold
Will    +....        (no ring)
Stlth   ++           (no ring)
HPRegen 0.35/turn    (no ring)
MPRegen 0.57/turn    (no ring)
                     (no ring)

%: no passive effects
@: very slightly contaminated, studying Dodging
A: almost no armour, amphibious, 8 rings, camouflage 1, gelatinous body 1,
(nimble swimmer 1), tentacles, low MP 1, poison resistance, strong 1
a: Renounce Religion


You were on level 3 of the Lair of Beasts.
You worshipped Vehumet.
Vehumet was greatly pleased with you.
You visited 3 branches of the dungeon, and saw 14 of its levels.
You also visited: Ossuary.

You collected 808 gold pieces.

Inventory:

Hand Weapons
 a - a +7 dagger of electrocution (weapon)
 b - a +3 sling
 j - a +2 whip of venom
 k - a +0 quarterstaff
 p - a +2 heavy trident
 s - a +2 whip of draining
 t - the +9 trident "Beaff" {freeze, rElec rPois MP+9 Dex+3}
   (You took it off a gnoll on level 9 of the Dungeon)

   Dex+3:     It affects your dexterity (+3).
   rElec:     It insulates you from electricity.
   rPois:     It protects you from poison MP+9: It affects your magic capacity
   (+9).
Missiles
 c - 5 throwing nets
 d - 5 javelins (quivered)
 n - 4 curare-tipped darts
Armour
 z - a +2 hat (worn)
Magical Staves
 h - a staff of air
 J - a staff of death
 M - a staff of poison
Jewellery
 m - an amulet of magic regeneration (around mantle)
 q - a ring of willpower (left tentacle)
 y - a ring of positive energy (right tentacle)
 Q - a ring of protection from cold (on tentacle)
Wands
 l - a wand of flame (10)
 I - a wand of mindburst (14)
 K - a wand of acid (3)
 N - a wand of charming (7)
 P - a wand of iceblast (2)
Scrolls
 f - 3 scrolls of revelation
 i - 2 scrolls of silence
 o - 2 scrolls of torment
 r - a scroll of fog
 u - 3 scrolls of teleportation
 x - 2 scrolls of identify
 C - 4 scrolls of immolation
 G - a scroll of poison
 O - a scroll of enchant weapon
Potions
 e - 2 potions of resistance
 g - 2 potions of magic
 v - 2 potions of brilliance
 w - a potion of ambrosia
 A - 3 potions of curing
 B - 3 potions of heal wounds
 D - a potion of cancellation
 E - a potion of berserk rage {unknown}
 F - 2 potions of haste
 H - 2 potions of mutation
 L - 2 potions of enlightenment


   Skills:
 - Level 10.1 Fighting
 - Level 10.0 Short Blades
 - Level 3.0 Staves
 - Level 2.0 Throwing
 - Level 12.3 Dodging
 + Level 6.6 Spellcasting
 + Level 6.1 Conjurations
 + Level 6.1 Fire Magic
 + Level 2.7 Ice Magic
 - Level 4.5 Air Magic
 - Level 8.0 Poison Magic


You had 4 spell levels left.
You knew the following spells:

 Your Spells              Type           Power      Damage    Failure   Level
a - Sting                 Tmut/Pois      56%        1d5       3%          1
b - Poisonous Vapours     Pois/Air       40%        N/A       1%          2
c - Olgreb's Toxic Radia  Pois           25%        N/A       1%          4
d - Sticky Flame          Conj/Fire      20%        2d4       3%          4
e - Fireball              Conj/Fire      10%        3d6       10%         5
f - Freezing Cloud        Conj/Ice/Air   7%         6-21      17%         5

Your spell library contained the following spells:

 Spells                   Type           Power      Damage    Failure   Level
 Flame Wave               Conj/Fire      20%        2d7       3%          4
 Inner Flame              Hex/Fire       12%        N/A       4%          3
 Iskenderun's Mystic Bla  Conj/Tloc      12%        2d5       12%         4
 Tukima's Dance           Hex            4%         N/A       43%         3
 Animate Dead             Necr           4%         N/A       85%         4
 Cause Fear               Hex            2%         N/A       85%         4
 Dimensional Bullseye     Hex/Tloc       2%         N/A       85%         4
 Haunt                    Necr/Summ      2%         N/A       100%        7
 Infestation              Necr           2%         N/A       100%        8
 Chain Lightning          Conj/Air       9%         3d12      100%        9
 Dragon's Call            Summ           2%         N/A       100%        9
 Fire Storm               Conj/Fire      10%        8d3       100%        9
 Shatter                  Erth           2%         3d6*      100%        9


Dungeon Overview and Level Annotations

Branches:
Dungeon (10/15)            Temple (1/1) D:7            Lair (3/5) D:8
 Shoals (0/4) Lair:3        Snake (0/4) Lair:2      Ossuary (visited)
    Orc: D:9-12

Altars:
Ashenzari
Cheibriados
Dithmenos
Elyvilon
Fedhas
Gozag
Hepliaklqana
Kikubaaqudgha
Makhleb
Nemelex Xobeh
Okawaru
Qazlal
Ru
Sif Muna
Trog
Uskayaw
Vehumet
Wu Jian
Xom
Yredelemnul
Zin

Shops:
D:8 (

Annotations:
D:3 1 runed translucent door, Crazy Yiuf
D:5 Eustachio
Temple 2 transporters


Innate Abilities, Weirdness & Mutations

You cannot wear most types of armour.
You are amphibious.
You can wear up to eight rings at the same time.
Your skin changes colour to match your surroundings (Stealth+).
Your rubbery body absorbs attacks. (AC +1, EV +1)
((You are camouflaged when in or above water. (Stealth+)))
You have tentacles for arms and can constrict up to eight enemies at once.
Your magical capacity is low. (-10% MP)
Your system is resistant to poisons. (rPois)
Your muscles are strong. (Str +4, Int/Dex -1)


Message History

The polar bear is severely wounded.
The polar bear goes berserk!
You hit the polar bear but do no damage.
The polar bear is severely wounded.
The polar bear barely misses you. The polar bear misses you.
The polar bear claws you.
You closely miss the polar bear.
You squeeze the polar bear, but do no damage.
The polar bear is severely wounded.
You puncture the polar bear!
The polar bear is almost dead.
The polar bear bites you!! The polar bear misses you.
The polar bear barely misses you.
You hit the polar bear.
The polar bear is almost dead.
The polar bear bites you!! The polar bear closely misses you.
The polar bear completely misses you.
You puncture the polar bear!
The polar bear is almost dead.
The polar bear bites you.
* * * LOW HITPOINT WARNING * * *
The polar bear completely misses you. The polar bear barely misses you.
Press: ? - help, v - describe, . - travel
Here: a polar bear (almost dead, berserk, very poisoned)
The floor, spattered with blood.
Unknown command.
Okay, then.
You barely miss the polar bear.
The polar bear is almost dead.
Unknown command.
Casting: Poisonous Vapours (safe; 1% risk of failure)
Confirm with . or Enter, or press ? or * to list all spells.
Aiming: Fireball (dangerous; 10% risk of failure)
Press: ? - help, Shift-Dir - straight line, p - polar bear You miscast Fireball.
You are very lightly contaminated with residual magic.
There is a sudden and violent explosion of flames!
* * * LOW HITPOINT WARNING * * *
The polar bear bites you!!
You die...

...##§.........#....##..
.###...................
.......§.............#
~~~..≈≈≈≈≈.......†...#
##~..≈#§≈≈..........#
##~..≈≈#≈≈.........>##
~~~..§≈##≈...........#
~~~..≈≈§§≈....[.h...##
................@...#
##.P.#.............P##
##>....~~≈~~≈~≈......#
##.....~≈####≈~.........
.......~######~......P...
.......≈≈#≈# #~......#.#.
...#...≈≈≈≈###~......##..
.....#.~~†≈~~≈~.##P##.##.
###......†......# ## ##


You could see a polar bear (berserk, very poisoned).

Vanquished Creatures
  3 hydras
  A two-headed ogre (D:9)
  A manticore (Lair:3)
  7 elephants
  2 black mambas
  A rime drake (D:7)
  7 cane toads
  2 kobold demonologists (D:9)
  A tengu conjurer (D:10)
  5 komodo dragons
  2 polar bears
  2 trolls
  Prince Ribbit (D:5)
  6 dream sheep (Lair:2)
  12 blink frogs
  A wyvern (Lair:1)
  20 yaks
  2 basilisks
  2 steam dragons
  5 humans (D:7)
  19 water moccasins
  5 ice beasts
  2 orc warriors
  2 black bears
  A sky beast (D:6)
  An ogre (D:4)
  2 wolves
  8 centaurs
  7 kobold brigands
  4 gnoll sergeants
  4 scorpions
  10 bullfrogs
  15 wights
  5 killer bees (D:9)
  A human zombie (Ossuary)
  4 centaur zombies (Ossuary)
  2 hounds (D:4)
  5 orc priests
  2 gnoll boudas
  2 jellies (D:5)
  2 sleepcaps
  Jessica (D:2)
  Natasha (twice) (D:2)
  4 iguanas
  4 orc wizards
  4 mummies
  Robin (D:2)
  34 gnolls
  7 adders
  3 shadow imps
  2 white imps
  4 dart slugs
  20 orcs
  3 ball pythons
  4 bats
  4 endoplasms
  2 giant cockroaches
  A gnoll zombie (Ossuary)
  29 goblins
  9 hobgoblins
  3 jackals (D:1)
  6 quokkas
  3 frilled lizards
  A goblin zombie (Ossuary)
  26 kobolds
  A kobold zombie (Ossuary)
  5 rats
369 creatures vanquished.

Vanquished Creatures (collateral kills)
  A steam dragon (D:7)
1 creature vanquished.

Vanquished Creatures (others)
  2 endoplasms (D:4)
2 creatures vanquished.

Grand Total: 372 creatures vanquished

Notes
Turn   | Place    | Note
-------+----------+-------------------------------------------
     0 | D:1      | D12ThenQuit the Octopode Gladiator began the quest for the
                  | Orb.
     0 | D:1      | Reached XP level 1. HP: 14/14 MP: 1/1
   194 | D:1      | Reached XP level 2. HP: 20/20 MP: 2/2
   402 | D:1      | Found a faded altar of an unknown god.
   458 | D:1      | Reached XP level 3. HP: 19/25 MP: 3/3
  1183 | D:2      | Reached skill level 4 in Dodging
  1183 | D:2      | Reached XP level 4. HP: 31/31 MP: 4/4
  1277 | D:2      | Noticed Jessica
  1293 | D:2      | Killed Jessica
  1531 | D:2      | Reached XP level 5. HP: 37/37 MP: 5/5
  1635 | D:2      | Noticed Robin
  1651 | D:2      | Killed Robin
  1721 | D:2      | Noticed Natasha
  1726 | D:2      | Killed Natasha
  1849 | D:2      | Noticed Natasha
  1858 | D:2      | Killed Natasha
  1930 | D:3      | Found a burning altar of Makhleb.
  1935 | D:3      | Found a glowing silver altar of Zin.
  1935 | D:3      | Noticed an angel
  1936 | D:3      | Noticed a blizzard demon
  2189 | D:3      | Reached skill level 5 in Dodging
  2284 | D:3      | Reached XP level 6. HP: 41/44 MP: 6/6
  2512 | D:3      | Found a runed translucent door.
  2513 | D:3      | Noticed Crazy Yiuf
  2530 | D:3      | Found a sacrificial altar of Ru.
  2849 | D:3      | Learned a level 1 spell: Sting
  2852 | D:3      | Learned a level 2 spell: Poisonous Vapours
  3157 | D:4      | Reached skill level 1 in Air Magic
  3157 | D:4      | Reached skill level 1 in Poison Magic
  3441 | D:4      | Gained mutation: Your muscles are strong. (Str +4, Int/Dex
                  | -1) [potion of mutation]
  3441 | D:4      | Gained mutation: Your magical capacity is low. (-10% MP)
                  | [potion of mutation]
  3441 | D:4      | Gained mutation: Your system is resistant to poisons.
                  | (rPois) [potion of mutation]
  3593 | D:4      | Reached XP level 7. HP: 26/49 MP: 2/6
  4447 | D:5      | Entered Level 5 of the Dungeon
  4563 | D:5      | Found a shimmering altar of Xom.
  4598 | D:5      | Noticed Eustachio
  5093 | D:5      | Reached skill level 1 in Spellcasting
  5093 | D:5      | Reached skill level 5 in Poison Magic
  5115 | D:5      | Reached XP level 8. HP: 27/54 MP: 3/8
  5322 | D:5      | Noticed Prince Ribbit
  6369 | D:5      | Killed Prince Ribbit
  6791 | D:6      | Learned a level 4 spell: Olgreb's Toxic Radiance
  6914 | D:6      | Noticed a yak
  6914 | D:6      | Noticed a yak
  6914 | D:6      | Noticed a yak
  6934 | D:6      | Killed a yak
  6935 | D:6      | Reached XP level 9. HP: 48/59 MP: 2/14
  6950 | D:6      | Reached skill level 5 in Spellcasting
  7224 | D:6      | HP: 1/59 [sky beast (5)]
  7680 | D:6      | Reached skill level 5 in Fighting
  8077 | D:7      | Found an ornate altar of the Wu Jian Council.
  8149 | D:7      | Found a staircase to the Ecumenical Temple.
  8161 | Temple   | Found a transporter.
  8161 | Temple   | Found a transporter.
  8161 | Temple   | Found a transporter.
  8161 | Temple   | Found a transporter.
  8161 | Temple   | Entered the Ecumenical Temple
  8177 | Temple   | Became a worshipper of Vehumet
  8215 | D:7      | Reached skill level 6 in Dodging
  8453 | D:7      | Found a sparkling altar of Nemelex Xobeh.
  8730 | D:7      | Reached XP level 10. HP: 21/69 MP: 13/17
  8934 | D:7      | Reached skill level 7 in Dodging
  9058 | D:7      | Found a bloodstained altar of Trog.
  9375 | D:7      | Reached skill level 1 in Short Blades
  9989 | D:8      | Found a sand-covered staircase.
 10000 | Ossuary  | Entered an ossuary
 10064 | Ossuary  | Reached * piety under Vehumet
 10064 | Ossuary  | Offered knowledge of Sandblast by Vehumet.
 10362 | D:8      | Found Ovyp's Weapon Boutique.
 10528 | D:8      | Reached skill level 5 in Short Blades
 10732 | D:8      | Found a staircase to the Lair.
 10852 | D:8      | Offered knowledge of Freeze by Vehumet.
 10961 | D:7      | Reached ** piety under Vehumet
 11916 | D:9      | Reached XP level 11. HP: 48/75 MP: 18/18
 12639 | D:9      | Noticed a two-headed ogre
 12684 | D:9      | Offered knowledge of Hailstorm by Vehumet.
 12691 | D:9      | Killed a two-headed ogre
 12804 | D:9      | Reached skill level 10 in Short Blades
 13051 | D:9      | Reached *** piety under Vehumet
 13288 | D:9      | Reached skill level 8 in Dodging
 13333 | D:9      | Identified the +9 trident "Beaff" {freeze, rElec rPois MP+9
                  | Dex+3}
 13658 | D:9      | Found a basalt altar of Yredelemnul.
 13771 | D:10     | Entered Level 10 of the Dungeon
 13787 | D:10     | Reached skill level 9 in Dodging
 14035 | D:10     | Noticed a tengu warrior
 14171 | D:10     | Offered knowledge of Volatile Blastmotes by Vehumet.
 14271 | D:14     | Identified the of Cissid
 14271 | Lair:1   | Entered Level 1 of the Lair of Beasts
 14345 | Lair:1   | Reached skill level 10 in Dodging
 14464 | Lair:1   | Reached XP level 12. HP: 22/85 MP: 18/18
 14719 | Lair:1   | Reached skill level 11 in Dodging
 15189 | Lair:1   | Reached skill level 12 in Dodging
 15322 | Lair:1   | Reached skill level 10 in Fighting
 15473 | Lair:1   | Learned a level 4 spell: Sticky Flame
 15640 | Lair:1   | Reached skill level 1 in Conjurations
 15640 | Lair:1   | Reached skill level 1 in Fire Magic
 16156 | Lair:2   | Noticed an eight-headed hydra
 16168 | Lair:1   | Learned a level 5 spell: Fireball
 16307 | Lair:2   | Reached **** piety under Vehumet
 16427 | Lair:2   | Found a staircase to the Snake Pit.
 16602 | Lair:2   | Offered knowledge of Freezing Cloud by Vehumet.
 16857 | Lair:2   | Reached skill level 5 in Fire Magic
 16864 | Lair:2   | Reached skill level 5 in Conjurations
 17189 | Lair:2   | Learned a level 5 spell: Freezing Cloud
 17307 | Lair:2   | Reached XP level 13. HP: 68/92 MP: 18/19
 17846 | Lair:2   | Reached skill level 1 in Ice Magic
 18268 | Lair:3   | Found a staircase to the Shoals.
 18739 | Lair:3   | Slain by a polar bear

Illustrated notes

Levels and vault maps discovered:
D:1:      dpeg_arrival_chambers_temple_mockup, layout_basic,
          hellmonk_ecumenical_altar_zigzags
D:2:      layout_basic, serial_curves, eino_curves_03, eino_curves_04,
          uniq_robin, uniq_jessica, uniq_natasha
D:3:      cheibrodos_greedy_goblins, layout_loops_ring,
          grunt_temple_overflow_order_and_chaos_2, nicolae_ru_path_of_blood,
          uniq_crazy_yiuf_cottage
D:4:      layout_loops_ring, minmay_misc_feat_doors, nrook_campfire,
          dreamdust_gnoll_farm
D:5:      layout_loops_ring, tgw_xom, minmay_bent, uniq_prince_ribbit1,
          uniq_eustachio
D:6:      layout_gridville
D:7:      layout_loops_cross, mainiacjoe_overflow_catwalk_spiral,
          trog_three_pillars_becter, temple_fountains, st_stairs_9,
          grunt_ministairs_12, minmay_ruffians
D:8:      layout_cave_pods, hellmonk_lair_entry_icy, gup_ossuary_entry_pyramid,
          serial_shops, nicolae_shop_advertising_works
          [nicolae_subvault_shop_adworks]
D:9:      layout_gridville, mainiacjoe_overflow_boulevard,
          nicolae_zig_zag_zippers
D:10:     layout_basic, tso_altar, david_orc_3, serial_ice, serial_ice_g,
          serial_ice_l, serial_ice_e, serial_ice_m, serial_ice_o, serial_ice_c,
          minmay_misc_feat_four_crosses, ebering_dispersal_statue_hall,
          uniq_nergalle
Temple:   hellmonk_temple_divided_pantheon
Lair:1:   layout_loops_ring
Lair:2:   layout_cave_pods, minmay_snake_entry_six_corridors, grunt_megastairs_5
Lair:3:   layout_gridlike, mainiacjoe_shoals_entry_four_pools,
          gammafunk_ghost_icy

Skill      XL: |  1  2  3  4  5  6  7  8  9 10 11 12 13 |
---------------+----------------------------------------+-----
Fighting       | 3 4 6 7 9 10 | 10.1
Dodging        | 4 5 6 7 10 12 | 12.3
Air Magic      | 2 4 |  4.5
Poison Magic   | 3 5 7 8 |  8.0
Spellcasting   | 1 4 6 |  6.6
Short Blades   | 7 10 | 10.0
Conjurations   | 5 6 |  6.1
Fire Magic     | 5 6 |  6.1
Ice Magic      | 2 |  2.7
Staves         | |  3.0
Throwing       | |  2.0

Action                     |  1- 3 |  4- 6 |  7- 9 | 10-12 | 13-15 || total
---------------------------+-------+-------+-------+-------+-------++-------
  Melee: Quarterstaff      |    47 |       |       |       |       ||    47
         Constrict         |    18 |    33 |    31 |    70 |     5 ||   157
         Tentacles         |    11 |    26 |    35 |   130 |     7 ||   209
         Dagger            |     5 |   141 |   145 |   412 |    32 ||   735
         Punch             |       |       |     5 |     6 |     3 ||    14
   Fire: Sling             |       |       |    17 |    30 |       ||    47
  Throw: Throwing net      |       |     2 |       |       |       ||     2
         Javelin           |       |       |       |     1 |       ||     1
   Cast: Poisonous Vapours |       |     8 |    80 |    49 |     3 ||   140
         Sting             |       |       |     5 |     1 |     1 ||     7
         Olgreb's Toxic Ra |       |       |    14 |    80 |     9 ||   103
         Sticky Flame      |       |       |       |     8 |       ||     8
         Freezing Cloud    |       |       |       |       |     9 ||     9
  Evoke: Wand              |       |     1 |       |    10 |       ||    11
    Use: Scroll            |     3 |     3 |     8 |    14 |       ||    28
         Potion            |       |     6 |     4 |     4 |       ||    14
   Stab: Sleeping          |     5 |     8 |     1 |     8 |       ||    22
 Armour: Skin              |    18 |    36 |   108 |   211 |    17 ||   390
  Dodge: Dodged            |    28 |    83 |   134 |   266 |    24 ||   535

Table legend: (Time is in decaauts)
 A = Elapsed time spent in this place.
 B = Non-inter-level travel time spent in this place.
 C = Inter-level travel time spent in this place.
 D = Time resting spent in this place.
 E = Time spent auto-exploring this place.
 F = Levels seen in this place.
 G = Mean time per level.
                   A        B        C        D        E       F      G
               +--------+--------+--------+--------+--------+-----+--------+
         Total |  18553 |  17401 |   1152 |   5181 |   6195 |  15 | 1236.9 |
       Dungeon |  13851 |  12833 |   1018 |   3772 |   4516 |  10 | 1385.1 |
        Temple |     31 |     31 |      0 |      0 |      0 |   1 |   31.0 |
          Lair |   4357 |   4224 |    133 |   1357 |   1645 |   3 | 1452.3 |
       Ossuary |    312 |    312 |      0 |     52 |     34 |   1 |  312.0 |
               +--------+--------+--------+--------+--------+-----+--------+

Top non-repeatable levels by time:
     D:4: 2405 daAuts
     D:7: 2077 daAuts
     D:9: 1944 daAuts
  Lair:2: 1842 daAuts
  Lair:1: 1814 daAuts
     D:8: 1455 daAuts
     D:6: 1339 daAuts
     D:5: 1267 daAuts
     D:3: 1144 daAuts
     D:1: 964 daAuts
     D:2: 932 daAuts
  Lair:3: 701 daAuts
    D:10: 320 daAuts
 Ossuary: 312 daAuts
  Temple: 31 daAuts
